TOP OF THE 1ST |
Los Angeles (NYP) Dodgers batting - Pitching for State College Spikes : RHP Josh Deyo
|
Pitching: RHP Josh Deyo
|
|
Batting: SHB Guy Jerome
|
0-0: Ball 1-0: SOLO HOME RUN (Flyball, 89XD, EV 105.6 MPH), Distance : 425 ft
|
Batting: RHB Perry Dominey
|
0-0: Ball 1-0: Ball 2-0: Ground out 1-3 (Groundball, 34S, EV 71.9 MPH)
|
Batting: LHB Conor Bailey
|
0-0: Ball 1-0: Ball 2-0: Ball 3-0: Base on Balls
|
Batting: LHB Randy Stapleton
|
0-0: Ball Wild Pitch! Conor Bailey to second 1-0: Called Strike 1-1: Ball 2-1: Ball 3-1: Base on Balls
|
Batting: SHB Marcos Cortez
|
0-0: Called Strike 0-1: Called Strike 0-2: Ball Passed Ball! Conor Bailey to third Randy Stapleton to second 1-2: Strikes out looking
|
Batting: RHB Cory Bonham
|
0-0: Ball 1-0: DOUBLE (Line Drive, 89D, EV 115.0 MPH) Conor Bailey scores Randy Stapleton scores
|
Batting: SHB Dave Reynoso
|
0-0: Ball 1-0: Ball 2-0: SINGLE (Line Drive, 4D, EV 96.2 MPH) Cory Bonham to third Runner from 3rd tries for Home, SAFE, throw by RF to home Dave Reynoso to second
|
Batting: RHB Geoff Musico
|
0-0: Foul Ball, location: 2F 0-1: Swinging Strike 0-2: Strikes out looking
|
Top of the 1st over - 4 runs, 3 hits, 0 errors, 1 left on base; Los Angeles (NYP) 4 - State College 0 |
BOTTOM OF THE 1ST |
State College Spikes batting - Pitching for Los Angeles (NYP) Dodgers : LHP Cao-Ky Trieu
|
Pitching: LHP Cao-Ky Trieu
|
|
Batting: RHB Chris Rouleau
|
0-0: Called Strike 0-1: Ball 1-1: Foul Ball, location: 2F 1-2: SINGLE (Line Drive, 7S, EV 100.0 MPH)
|
Batting: RHB Bobby Miles
|
0-0: Ball 1-0: Called Strike 1-1: Called Strike Chris Rouleau steals 2nd base 1-2: Ground out 6-3 (Groundball, 56, EV 103.1 MPH)
|
Batting: RHB Pablo Nunez
|
0-0: Ball 1-0: Called Strike 1-1: Called Strike 1-2: Foul Ball, location: 2F 1-2: Ball 2-2: Foul Ball, location: 2F 2-2: Ball 3-2: Strikes out swinging
|
Batting: RHB Johnny Lowe
|
0-0: Called Strike 0-1: Swinging Strike 0-2: Foul Ball, location: 2F 0-2: Ball 1-2: Ball 2-2: Fly out, F8 (Line Drive, 8RM, EV 98.8 MPH)
|
Bottom of the 1st over - 0 runs, 1 hit, 0 errors, 1 left on base; Los Angeles (NYP) 4 - State College 0 |
TOP OF THE 2ND |
Los Angeles (NYP) Dodgers batting - Pitching for State College Spikes : RHP Josh Deyo
|
Batting: RHB Yok-sing Zhào
|
0-0: Called Strike 0-1: Called Strike 0-2: Foul Ball, location: 2F 0-2: Foul Ball, location: 2F 0-2: Ball 1-2: Fly out, F7 (Line Drive, 78M, EV 98.1 MPH)
|
Batting: SHB Guy Jerome
|
0-0: Ball 1-0: Ball 2-0: Called Strike 2-1: Swinging Strike 2-2: Ball 3-2: Base on Balls
|
Batting: RHB Perry Dominey
|
0-0: Called Strike Guy Jerome steals 2nd base Balk! Guy Jerome to third 0-1: Swinging Strike 0-2: Ball 1-2: Foul Ball, location: 2F 1-2: Foul Ball, location: 2F 1-2: Strikes out looking
|
Batting: LHB Conor Bailey
|
0-0: Ball 1-0: Called Strike 1-1: Ground out 6-3 (Groundball, 6S, EV 88.8 MPH)
|
Top of the 2nd over - 0 runs, 0 hits, 0 errors, 1 left on base; Los Angeles (NYP) 4 - State College 0 |
BOTTOM OF THE 2ND |
State College Spikes batting - Pitching for Los Angeles (NYP) Dodgers : LHP Cao-Ky Trieu
|
Batting: RHB Ben Politi
|
0-0: Ball 1-0: Called Strike 1-1: Foul Ball, location: 2F 1-2: Strikes out swinging
|
Batting: LHB Ignacio Ocampo
|
0-0: Foul Ball, location: 2F 0-1: SINGLE (Flyball, 89S, EV 93.1 MPH)
|
Batting: RHB Adam Hudson
|
0-0: Called Strike 0-1: Ball 1-1: Swinging Strike 1-2: DOUBLE (Line Drive, 3D, EV 95.6 MPH) Ignacio Ocampo to third
|
Batting: LHB Ken Compton
|
0-0: Foul Ball, location: 2F 0-1: Foul Ball, location: 2F 0-2: Ball 1-2: Strikes out swinging
|
Batting: RHB Richard Riggs
|
0-0: Called Strike 0-1: Foul Ball, location: 2F 0-2: Foul Ball, location: 2F 0-2: Ball 1-2: Foul Ball, location: 2F 1-2: Ball 2-2: Fly out, F8 (Flyball, 8LD, EV 93.1 MPH)
|
Bottom of the 2nd over - 0 runs, 2 hits, 0 errors, 2 left on base; Los Angeles (NYP) 4 - State College 0 |
TOP OF THE 3RD |
Los Angeles (NYP) Dodgers batting - Pitching for State College Spikes : RHP Josh Deyo
|
Batting: LHB Randy Stapleton
|
0-0: Called Strike 0-1: Ball 1-1: Called Strike 1-2: Foul Ball, location: 2F 1-2: Foul Ball, location: 2F 1-2: Ball 2-2: Ball 3-2: Base on Balls
|
Batting: SHB Marcos Cortez
|
0-0: Called Strike 0-1: Ball Randy Stapleton steals 2nd base 1-1: Ball 2-1: Foul Ball, location: 2F 2-2: Foul Ball, location: 2F 2-2: Ground out 4-3 (Groundball, 4M, EV 88.1 MPH) Randy Stapleton to third
|
Batting: RHB Cory Bonham
|
0-0: Foul Ball, location: 2F 0-1: SINGLE (Line Drive, 4D, EV 108.1 MPH) Randy Stapleton scores
|
Pitching: RHP Jeff Alanis
|
|
Batting: SHB Dave Reynoso
|
0-0: Called Strike 0-1: Ball Wild Pitch! Cory Bonham to second 1-1: Ball 2-1: Fly out, F7 (Flyball, 7, EV 86.9 MPH)
|
Batting: RHB Geoff Musico
|
0-0: Ball 1-0: Fly out, F9 (Flyball, 89D, EV 94.4 MPH)
|
Top of the 3rd over - 1 run, 1 hit, 0 errors, 1 left on base; Los Angeles (NYP) 5 - State College 0 |
BOTTOM OF THE 3RD |
State College Spikes batting - Pitching for Los Angeles (NYP) Dodgers : LHP Cao-Ky Trieu
|
Batting: RHB Chris Rouleau
|
0-0: Ball 1-0: Foul Ball, location: 2F 1-1: Ground out 5-3 (Groundball, 5L, EV 97.5 MPH)
|
Batting: RHB Bobby Miles
|
0-0: Called Strike 0-1: Ball 1-1: SINGLE (Line Drive, 34D, EV 93.8 MPH)
|
Batting: RHB Pablo Nunez
|
0-0: Ball 1-0: SINGLE (Groundball, 6D, EV 111.2 MPH) Bobby Miles to second Runner from 2nd tries for 3rd, SAFE, throw by LF made to third
|
Batting: RHB Johnny Lowe
|
0-0: Swinging Strike 0-1: Ball 1-1: Called Strike Pablo Nunez steals 2nd base 1-2: Ball 2-2: Ball 3-2: Ground out 4-3 (Groundball, 4, EV 106.9 MPH) Bobby Miles scores Pablo Nunez to third
|
Pitching: RHP Angel Rivas
|
|
Batting: RHB Ben Politi
|
0-0: Called Strike 0-1: Ball 1-1: SINGLE (Groundball, 4MS, EV 65.0 MPH) (infield hit) Pablo Nunez scores
|
Batting: LHB Ignacio Ocampo
|
0-0: Ball Ben Politi steals 2nd base 1-0: Ball 2-0: Called Strike 2-1: Foul Ball, location: 2F 2-2: Ball 3-2: Foul Ball, location: 2F 3-2: Strikes out looking
|
Bottom of the 3rd over - 2 runs, 3 hits, 0 errors, 1 left on base; Los Angeles (NYP) 5 - State College 2 |
TOP OF THE 4TH |
Los Angeles (NYP) Dodgers batting - Pitching for State College Spikes : RHP Jeff Alanis
|
Batting: RHB Yok-sing Zhào
|
0-0: Called Strike 0-1: Ball 1-1: Ball 2-1: Swinging Strike 2-2: Foul Ball, location: 2F 2-2: Foul Ball, location: 2F 2-2: Strikes out swinging
|
Batting: SHB Guy Jerome
|
0-0: Ball 1-0: Foul Ball, location: 2F 1-1: Called Strike 1-2: Ground out 4-3 (Groundball, 4, EV 93.1 MPH)
|
Batting: RHB Perry Dominey
|
0-0: Ground out 5-3 (Groundball, 56S, EV 86.2 MPH)
|
Top of the 4th over - 0 runs, 0 hits, 0 errors, 0 left on base; Los Angeles (NYP) 5 - State College 2 |
BOTTOM OF THE 4TH |
State College Spikes batting - Pitching for Los Angeles (NYP) Dodgers : RHP Angel Rivas
|
Batting: RHB Adam Hudson
|
0-0: Ball 1-0: Ball 2-0: Swinging Strike 2-1: Ball 3-1: Base on Balls
|
Batting: LHB Ken Compton
|
0-0: Ball 1-0: Swinging Strike 1-1: Ball 2-1: Ball 3-1: Called Strike 3-2: Foul Ball, location: 2F 3-2: Base on Balls Adam Hudson to second
|
Pitching: RHP Justin Donovan
|
|
Batting: RHB Richard Riggs
|
0-0: Ball 1-0: 3-RUN HOME RUN (Flyball, 7LD, EV 95.6 MPH), Distance : 383 ft
|
Batting: RHB Chris Rouleau
|
0-0: SINGLE (Flyball, 5D, EV 94.4 MPH)
|
Batting: RHB Bobby Miles
|
0-0: Ball Chris Rouleau is caught stealing 2nd base 2-4 1-0: Foul Ball, location: 2F 1-1: Foul Ball, location: 2F 1-2: Ball 2-2: Strikes out swinging
|
Batting: RHB Pablo Nunez
|
0-0: Ball 1-0: Called Strike 1-1: Foul Ball, location: 2F 1-2: Ball 2-2: DOUBLE (Line Drive, 78D, EV 103.1 MPH)
|
Batting: RHB Johnny Lowe
|
0-0: Ball 1-0: Ball 2-0: Called Strike 2-1: 2-RUN HOME RUN (Flyball, 7LD, EV 96.9 MPH), Distance : 378 ft
|
Batting: RHB Ben Politi
|
0-0: Ball 1-0: Ball 2-0: Ball 3-0: Base on Balls
|
Pitching: RHP Ramon Luna
|
|
Batting: LHB Ignacio Ocampo
|
0-0: Ball Ben Politi steals 2nd base 1-0: Ball 2-0: Swinging Strike 2-1: Swinging Strike 2-2: Foul Ball, location: 2F 2-2: Ball 3-2: Strikes out swinging
|
Bottom of the 4th over - 5 runs, 4 hits, 0 errors, 1 left on base; Los Angeles (NYP) 5 - State College 7 |
TOP OF THE 5TH |
Los Angeles (NYP) Dodgers batting - Pitching for State College Spikes : RHP Jeff Alanis
|
Batting: LHB Conor Bailey
|
0-0: Called Strike 0-1: Ball 1-1: Ground out 4-3 (Groundball, 34, EV 83.8 MPH)
|
Batting: LHB Randy Stapleton
|
0-0: Called Strike 0-1: Ball 1-1: Foul Ball, location: 2F 1-2: SINGLE (Groundball, 4MD, EV 104.4 MPH)
|
Batting: SHB Marcos Cortez
|
0-0: Ball Randy Stapleton steals 2nd base 1-0: Foul Ball, location: 2F 1-1: Ball Passed Ball! Randy Stapleton to third 2-1: Swinging Strike 2-2: Strikes out swinging
|
Batting: RHB Cory Bonham
|
0-0: Ball 1-0: Swinging Strike 1-1: Called Strike 1-2: Strikes out swinging
|
Top of the 5th over - 0 runs, 1 hit, 0 errors, 1 left on base; Los Angeles (NYP) 5 - State College 7 |
BOTTOM OF THE 5TH |
State College Spikes batting - Pitching for Los Angeles (NYP) Dodgers : RHP Ramon Luna
|
Batting: RHB Adam Hudson
|
0-0: Called Strike 0-1: Ball 1-1: Foul Ball, location: 2F 1-2: Ground out 6-3 (Groundball, 6, EV 100.0 MPH)
|
Batting: LHB Ken Compton
|
0-0: Called Strike 0-1: SINGLE (Groundball, 34D, EV 100.6 MPH) (infield hit)
|
Batting: RHB Richard Riggs
|
0-0: Ball 1-0: Called Strike 1-1: Ball 2-1: Called Strike Ken Compton steals 2nd base 2-2: Ground out 6-3 (Groundball, 6, EV 76.2 MPH) Ken Compton to third
|
Batting: RHB Chris Rouleau
|
0-0: Called Strike 0-1: Ball 1-1: Swinging Strike 1-2: Strikes out looking
|
Bottom of the 5th over - 0 runs, 1 hit, 0 errors, 1 left on base; Los Angeles (NYP) 5 - State College 7 |
TOP OF THE 6TH |
Los Angeles (NYP) Dodgers batting - Pitching for State College Spikes : RHP Jeff Alanis
|
Batting: SHB Dave Reynoso
|
0-0: Ball 1-0: Ball 2-0: Ball 3-0: Ground out 4-3 (Groundball, 4, EV 105.6 MPH)
|
Batting: RHB Geoff Musico
|
0-0: Called Strike 0-1: Swinging Strike 0-2: Ball 1-2: Strikes out looking
|
Pinch Hitting: LHB Ramon Padilla
|
0-0: Ball 1-0: Ball 2-0: Swinging Strike 2-1: Foul Ball, location: 2F 2-2: Ball 3-2: Strikes out swinging
|
Top of the 6th over - 0 runs, 0 hits, 0 errors, 0 left on base; Los Angeles (NYP) 5 - State College 7 |
BOTTOM OF THE 6TH |
State College Spikes batting - Pitching for Los Angeles (NYP) Dodgers : RHP Ramon Luna
|
Now in CF: Justin Van Houten
|
|
Batting: RHB Bobby Miles
|
0-0: Ball 1-0: Foul Ball, location: 2F 1-1: Ground out 6-3 (Groundball, 6, EV 86.9 MPH)
|
Batting: RHB Pablo Nunez
|
0-0: Called Strike 0-1: Ball 1-1: Swinging Strike 1-2: Strikes out swinging
|
Batting: RHB Johnny Lowe
|
0-0: Ball 1-0: Ball 2-0: Foul Ball, location: 2F 2-1: Fly out, F1 (Line Drive, P, EV 62.5 MPH)
|
Bottom of the 6th over - 0 runs, 0 hits, 0 errors, 0 left on base; Los Angeles (NYP) 5 - State College 7 |
TOP OF THE 7TH |
Los Angeles (NYP) Dodgers batting - Pitching for State College Spikes : RHP Jeff Alanis
|
Batting: SHB Guy Jerome
|
0-0: Ball 1-0: Foul Ball, location: 2F 1-1: Ball 2-1: Foul Ball, location: 2F 2-2: Ball 3-2: Foul Ball, location: 2F 3-2: Foul Ball, location: 2F 3-2: Strikes out swinging
|
Batting: RHB Perry Dominey
|
0-0: Called Strike 0-1: Called Strike 0-2: Foul Ball, location: 2F 0-2: Ground out U3 (Groundball, 3L, EV 105.0 MPH)
|
Batting: LHB Conor Bailey
|
0-0: Swinging Strike 0-1: Ball 1-1: Foul Ball, location: 2F 1-2: Ball 2-2: Ball 3-2: Strikes out swinging
|
Top of the 7th over - 0 runs, 0 hits, 0 errors, 0 left on base; Los Angeles (NYP) 5 - State College 7 |
BOTTOM OF THE 7TH |
State College Spikes batting - Pitching for Los Angeles (NYP) Dodgers : RHP Ramon Luna
|
Batting: RHB Ben Politi
|
0-0: Ground out 4-3 (Groundball, 4, EV 81.2 MPH)
|
Batting: LHB Ignacio Ocampo
|
0-0: Called Strike 0-1: Ball 1-1: Fly out, F9 (Line Drive, 9D, EV 87.5 MPH)
|
Batting: RHB Adam Hudson
|
0-0: Ground out 6-3 (Groundball, 6, EV 83.8 MPH)
|
Bottom of the 7th over - 0 runs, 0 hits, 0 errors, 0 left on base; Los Angeles (NYP) 5 - State College 7 |
TOP OF THE 8TH |
Los Angeles (NYP) Dodgers batting - Pitching for State College Spikes : RHP Jeff Alanis
|
Pitching: LHP Steve Young
|
|
Batting: LHB Randy Stapleton
|
0-0: Ball 1-0: Ball 2-0: SOLO HOME RUN (Flyball, 9LD, EV 99.4 MPH), Distance : 401 ft
|
Batting: SHB Marcos Cortez
|
0-0: Foul Ball, location: 2F 0-1: Foul Ball, location: 2F 0-2: Ball 1-2: Ball 2-2: Ball 3-2: Base on Balls
|
Batting: RHB Cory Bonham
|
0-0: Called Strike 0-1: Called Strike 0-2: Ball 1-2: Ball 2-2: Grounds into double play, 6-4-3 (Groundball, 6, EV 84.4 MPH)
|
Batting: SHB Dave Reynoso
|
0-0: Ball 1-0: Ball 2-0: Swinging Strike 2-1: Ball 3-1: Foul Ball, location: 2F 3-2: Base on Balls
|
Batting: RHB Geoff Musico
|
0-0: Foul Ball, location: 2F 0-1: Ball 1-1: Swinging Strike 1-2: Strikes out swinging, 2-3 out at first.
|
Top of the 8th over - 1 run, 1 hit, 0 errors, 1 left on base; Los Angeles (NYP) 6 - State College 7 |
BOTTOM OF THE 8TH |
State College Spikes batting - Pitching for Los Angeles (NYP) Dodgers : RHP Ramon Luna
|
Batting: LHB Ken Compton
|
0-0: Ball 1-0: Foul Ball, location: 2F 1-1: Ball 2-1: Fly out, F5 (Popup, 5F, EV 63.1 MPH)
|
Pitching: RHP Jeff Lewis
|
|
Batting: RHB Richard Riggs
|
0-0: Ball 1-0: SINGLE (Groundball, 3D, EV 103.1 MPH)
|
Batting: RHB Chris Rouleau
|
0-0: Ball 1-0: Ball 2-0: SINGLE (Flyball, 4D, EV 88.8 MPH) Richard Riggs to second
|
Batting: RHB Bobby Miles
|
0-0: Foul Ball, location: 2F 0-1: Called Strike 0-2: Ball Wild Pitch! Richard Riggs to third Chris Rouleau to second 1-2: Strikes out looking
|
Batting: RHB Pablo Nunez
|
0-0: Fly out, F9 (Flyball, 9D, EV 95.6 MPH)
|
Bottom of the 8th over - 0 runs, 2 hits, 0 errors, 2 left on base; Los Angeles (NYP) 6 - State College 7 |
TOP OF THE 9TH |
Los Angeles (NYP) Dodgers batting - Pitching for State College Spikes : LHP Steve Young
|
Pitching: LHP Nick Suggett
|
|
Batting: RHB Justin Van Houten
|
0-0: Called Strike 0-1: Ground out 6-3 (Groundball, 6, EV 81.2 MPH)
|
Batting: SHB Guy Jerome
|
0-0: Called Strike 0-1: Ball 1-1: Swinging Strike 1-2: Strikes out swinging
|
Batting: RHB Perry Dominey
|
0-0: Swinging Strike 0-1: Called Strike 0-2: Strikes out swinging
|
Top of the 9th over - 0 runs, 0 hits, 0 errors, 0 left on base; Los Angeles (NYP) 6 - State College 7 |
|